[Event "*** Titled Tuesday Blitz"]
[Site "Chess.com"]
[Date "2021.04.27"]
[Round "9"]
[White "lacafi"]
[Black "davigator"]
[Result "0-1"]
[WhiteElo "2166"]
[BlackElo "2424"]
[TimeControl "180+1"]
[EndTime "11:42:32 PDT"]
[Termination "davigator won on time"]

1. d4 Nf6 2. Nf3 e6 3. e3 d5 4. Bd3 c5 5. c3 Bd6 6. Nbd2 b6 7. Qe2 Bb7 8. O-O Ne4 9. dxc5 Nxc5 10. Bb5+ Nbd7 11.
b4 Ne4 12. Nxe4 dxe4 13. Nd4 a6 14. Ba4 O-O 15. Rd1 Ne5 16. Bb3 Qc7 17. Bb2 Nd3 18.
h3 Rac8 19. Rxd3 exd3 20. Qxd3 Be5 21. Bc2 g6 22. Rc1 Rfd8 23. Bb1 Bd5 24. Qe2 b5 25. f4 Bg7 26. Qg4 f5 27. Qg3 Re8 28. h4 Qb7 29. h5 gxh5 0-1

[Event "*** Titled Tuesday Blitz"]
[Site "Chess.com"]
[Date "2021.04.27"]
[Round "9"]
[White "Nuvas"]
[Black "MPGM"]
[Result "0-1"]
[WhiteElo "2625"]
[BlackElo "2510"]
[TimeControl "180+1"]
[EndTime "11:42:33 PDT"]
[Termination "MPGM won by resignation"]

1. d4 d5 2. c4 e6 3. Nc3 c5 4. cxd5 exd5 5. Nf3 Nf6 6. g3 Nc6 7. Bg2 cxd4 8. Nxd4 Bc5 9. Nb3 Bb6 10. O-O d4 11. Na4 O-O 12. Bg5 Re8 13. Re1 h6 14. Nxb6 axb6 15. Bxc6 bxc6 16. Bxf6 Qxf6 17. Qxd4 Qd8 18.
Qd2 c5 19. a3 Be6 20. Qc3 Ra4 21. Rad1 Qa8 22. Nd2 Rd8 23. Nf3 Rc4 24. Qe5 Rc2 25.
Qc7 Rxd1 26. Rxd1 Qe4 27. Qxb6 Qxe2 28. Qd8+ Kh7 29. Qd3+ Qxd3 30. Rxd3 Rxb2 31. h4 c4 32. Rc3 Rb3 33. Rxb3 cxb3 34. Nd2 b2 35. a4 Ba2 36. a5 b1=Q+ 37. Nxb1 Bxb1 38. a6 Be4 39. Kf1 Bd3+ 0-1

[Event "*** Titled Tuesday Blitz"]
[Site "Chess.com"]
[Date "2021.04.27"]
[Round "9"]
[White "JoachimMouhamad"]
[Black "Nozdrachev_Leonid"]
[Result "0-1"]
[WhiteElo "2463"]
[BlackElo "2616"]
[TimeControl "180+1"]
[EndTime "11:42:34 PDT"]
[Termination "Nozdrachev_Leonid won on time"]

1. e4 d6 2. d4 Nf6 3. Nc3 e5 4. Nf3 Nbd7 5. Bc4 Be7 6. O-O O-O 7.
a4 c6 8. h3 Qc7 9. Re1 Re8 10.
dxe5 dxe5 11. Ng5 Rf8 12. Qe2 h6 13. Nf3 Bb4 14. Bd2 a5 15. Bb3 Nc5 16. Bc4 Re8 17. Nh4 Be6 18. Bxe6 Nxe6 19. Nf5 Nd4 20. Qd3 Rad8 21.
Qg3 Nxf5 22. exf5 Rxd2 23. Ne2 Rxc2 24. Red1 Rxe2 0-1

[Event "*** Titled Tuesday Blitz"]
[Site "Chess.com"]
[Date "2021.04.27"]
[Round "9"]
[White "elohunter1999"]
[Black "Agoking701"]
[Result "1-0"]
[WhiteElo "2489"]
[BlackElo "2280"]
[TimeControl "180+1"]
[EndTime "11:42:34 PDT"]
[Termination "elohunter1999 won by resignation"]

1. d4 Nf6 2. c4 g6 3. Nc3 Bg7 4. e4 O-O 5. Nf3 d6 6. Be2 e5 7. O-O Nc6 8. d5 Ne7 9. b4 a5 10. Ba3 axb4 11. Bxb4 Nd7 12. a4 h6 13. Nd2 f5 14. Nb3 Nf6 15. f3 g5 16. c5 Ne8 17.
a5 Rf6 18. cxd6 Nxd6 19. Nc5 g4 20. fxg4 f4 21. g5 Rg6 22. Bg4 hxg5 23. Be6+ Kh7 24.
Qh5+ Bh6 25. g3 Qf8 26. gxf4 gxf4+ 27. Kh1 Rg5 28. Qh3 Qf6 29. Rg1 Bxe6 30. Nxe6 Rxg1+ 31. Rxg1 c6 32. Bxd6 cxd5 33. exd5 Nf5 34. Ne4 1-0

[Event "*** Titled Tuesday Blitz"]
[Site "Chess.com"]
[Date "2021.04.27"]
[Round "9"]
[White "RiskyDecision"]
[Black "Skat2704"]
[Result "0-1"]
[WhiteElo "2534"]
[BlackElo "2688"]
[TimeControl "180+1"]
[EndTime "11:42:35 PDT"]
[Termination "Skat2704 won by resignation"]

1. d4 d5 2. c4 e6 3. Nf3 Nf6 4. g3 dxc4 5. Bg2 Nc6 6. Qa4 Bb4+ 7. Bd2 Nd5 8. Qb5 Bxd2+ 9. Nbxd2 c3 10. bxc3 Nxc3 11.
Qb3 Nd5 12. O-O O-O 13. Rfc1 Qd7 14. e3 b6 15. Ne1 Bb7 16. Nd3 a5 17. Nc4 Rfd8 18.
Nde5 Nxe5 19. Nxe5 Qd6 20. Rc2 Rac8 21. Rac1 c5 22. Nc4 Qb8 23. Nxb6 Nxb6 24. Qxb6 Bxg2 25.
Qxb8 Rxb8 26. Kxg2 cxd4 27. exd4 Rxd4 28. Rc8+ Rd8 29. Rxd8+ Rxd8 30. Rc5 Ra8 31. a4 g6 32. g4 h6 33. h4 Kg7 34. g5 hxg5 35. hxg5 Kf8 36.
Rc7 Rd8 37. Rc4 Rd5 38. f4 Ke7 39. Kg3 Kd6 40. Kg4 e5 41. fxe5+ Kxe5 42. Rf4 Rd4 43. Rxd4 Kxd4 44. Kf4 Kd5 45. Ke3 Ke5 46. Kd3 Kf4 47. Kc4 Kxg5 48. Kb5 f5 49. Kxa5 f4 50. Kb4 f3 51. a5 f2 52. a6 f1=Q 53. a7 Qa1 0-1

[Event "*** Titled Tuesday Blitz"]
[Site "Chess.com"]
[Date "2021.04.27"]
[Round "9"]
[White "Zq1"]
[Black "Jungle_Jaguar"]
[Result "0-1"]
[WhiteElo "2537"]
[BlackElo "2691"]
[TimeControl "180+1"]
[EndTime "11:42:41 PDT"]
[Termination "Jungle_Jaguar won on time"]

1. Nf3 d5 2. c4 c6 3. e3 Nf6 4. Nc3 Nbd7 5. d4 e6 6. Bd2 Bd6 7. Bd3 dxc4 8. Bxc4 O-O 9. O-O b5 10. Bd3 Bb7 11. e4 e5 12. dxe5 Nxe5 13. Nxe5 Bxe5 14. Be3 Qe7 15. Qf3 Rfd8 16. Rad1 Qb4 17. Qf5 Re8 18. Rd2 Bc8 19. Qg5 Ng4 20. a3 Qf8 21. Be2 h6 22. Qh4 g5 23. Bxg5 hxg5 24. Qxg5+ Qg7 25. Qxg7+ Kxg7 26. h3 Nf6 27. f3 Be6 28. Rfd1 Bf4 29. Rd3 Bc4 30. Rd4 Be3+ 31. Kf1 Bxd4 0-1

[Event "*** Titled Tuesday Blitz"]
[Site "Chess.com"]
[Date "2021.04.27"]
[Round "9"]
[White "AntonovaNadezhda"]
[Black "Romadk"]
[Result "0-1"]
[WhiteElo "2124"]
[BlackElo "2326"]
[TimeControl "180+1"]
[EndTime "11:42:41 PDT"]
[Termination "Romadk won on time"]

1. d4 Nf6 2. c4 e6 3. Nf3 d5 4. g3 dxc4 5. Bg2 Bd7 6. a4 Bc6 7. O-O a6 8. Nbd2 b5 9. axb5 axb5 10. Rxa8 Bxa8 11. Qc2 Nbd7 12. b3 cxb3 13. Qxb3 Qb8 14. g4 Nxg4 15. e4 Be7 16. d5 exd5 17. exd5 Bd6 18.
Re1+ Kf8 19. Ne4 Nge5 20. Nxd6 cxd6 21. Ba3 Kg8 22. Nxe5 Nxe5 23. Bb4 g6 24. Qc3 Qd8 25. f4 Nc4 26. Qd4 h5 27. Bc3 f6 28. Qxf6 Qxf6 29. Bxf6 Rh6 30. Bg5 Rh7 31. Rb1 Rb7 32. Rb4 Ne3 33.
Bf3 Nf5 34. Bf6 Rb8 35. Bc3 Nh4 36. Bh1 Nf5 37. Bf6 Kf7 38. Bg5 Ne3 39. Bg2 Nxd5 40. Bh3 Nxb4 0-1

[Event "*** Titled Tuesday Blitz"]
[Site "Chess.com"]
[Date "2021.04.27"]
[Round "9"]
[White "Alex-11211"]
[Black "elcandado"]
[Result "0-1"]
[WhiteElo "2448"]
[BlackElo "2626"]
[TimeControl "180+1"]
[EndTime "11:42:42 PDT"]
[Termination "elcandado won by resignation"]

1. e4 e5 2. Nc3 Nf6 3. Bc4 Nc6 4. d3 Na5 5. Nge2 Nxc4 6. dxc4 h6 7. O-O Bc5 8. Ng3 d6 9. Qf3 Be6 10. Nd5 Nxd5 11.
cxd5 Bd7 12. c3 Qh4 13. Be3 Bg4 14. Nf5 Bxf3 15. Nxh4 Bxe4 16. Bxc5 dxc5 17. Rfe1 Bxd5 18. Rxe5+ Be6 19. Rxc5 O-O-O 20. Nf3 f6 21. Nd4 Bd5 22. Nf5 Kb8 23. c4 Bc6 24. f3 Rhe8 25. b4 Rd2 26.
b5 Bd7 27. Nxg7 Ree2 28. Rd5 Rxg2+ 29. Kf1 Rxd5 30. Kxg2 Rg5+ 0-1

[Event "*** Titled Tuesday Blitz"]
[Site "Chess.com"]
[Date "2021.04.27"]
[Round "9"]
[White "anon569"]
[Black "Vigorito-NE"]
[Result "0-1"]
[WhiteElo "2259"]
[BlackElo "2498"]
[TimeControl "180+1"]
[EndTime "11:42:42 PDT"]
[Termination "Vigorito-NE won on time"]

1. e4 e5 2. Nf3 Nc6 3. Bb5 Nf6 4. O-O Nxe4 5. d4 Nd6 6. Bxc6 dxc6 7. dxe5 Nf5 8.
Qxd8+ Kxd8 9. Nc3 Ke8 10. Ne4 Be6 11. Rd1 a5 12. Neg5 Bd5 13. c3 h6 14. Nh3 Bxf3 15. gxf3 a4 16. Kf1 Ra5 17. f4 Rd5 18. Ke2 Rxd1 19.
Kxd1 Kd7 20. Ke2 Ke6 21. Ng1 Bc5 22. Nf3 Rd8 23. Bd2 b5 24. Rg1 g6 25. Be3 Be7 26.
Re1 c5 27. Rc1 c4 28. Re1 Rd3 29. Nd2 Nxe3 30. fxe3 Bc5 31. Nf1 g5 0-1

[Event "*** Titled Tuesday Blitz"]
[Site "Chess.com"]
[Date "2021.04.27"]
[Round "9"]
[White "Sam_ChessMood"]
[Black "attack2mateU"]
[Result "1-0"]
[WhiteElo "2917"]
[BlackElo "2762"]
[TimeControl "180+1"]
[EndTime "11:42:44 PDT"]
[Termination "Sam_ChessMood won by resignation"]

1. e4 c5 2. Nf3 d6 3. d4 cxd4 4. Nxd4 Nf6 5. Nc3 a6 6. Be3 e5 7. Nb3 Be7 8. Be2 Be6 9. O-O O-O 10. Qd3 Nbd7 11. a4 Qc7 12. a5 b5 13. axb6 Nxb6 14.
Na5 Rfc8 15. Rfd1 Nfd7 16. Nd5 Bxd5 17. exd5 Qxc2 18. Nc6 Qxd3 19. Bxd3 Nxd5 20. Be4 Rxc6 21. Bxd5 Rac8 22. Bxc6 Rxc6 23. Rdc1 Rxc1+ 24. Rxc1 Nf6 25. Rc8+ Bf8 26. Ra8 Nd5 27. Rxa6 f5 28. Ra7 f4 29. Bd2 Be7 30. f3 Kf7 31. Kf1 Ke6 32. Ke2 g5 33. b4 Nb6 34. Kd3 d5 35. Ra6 Bd8 36.
b5 Kd6 37. Bb4+ Kc7 38. Ra7+ Kc8 39. Ba5 Nc4 40. Ra8+ Kb7 41. Rxd8 Nxa5 42. Rxd5 1-0

[Event "*** Titled Tuesday Blitz"]
[Site "Chess.com"]
[Date "2021.04.27"]
[Round "9"]
[White "WuinaterJr"]
[Black "FMalexhdez"]
[Result "1-0"]
[WhiteElo "2496"]
[BlackElo "2254"]
[TimeControl "180+1"]
[EndTime "11:42:44 PDT"]
[Termination "WuinaterJr won on time"]

1. e4 c5 2. Nf3 d6 3. d4 cxd4 4. Nxd4 Nf6 5. Nc3 a6 6. h3 e5 7.
Nb3 Be6 8. f4 exf4 9. Bxf4 Nc6 10. Qd2 Be7 11. O-O-O Kf8 12. Bxd6 Bxd6 13. Qxd6+ Qxd6 14. Rxd6 Ke7 15. Rd2 Rhd8 16. Be2 b6 17. Rhd1 a5 18.
Nd5+ Bxd5 19. exd5 Nb4 20. d6+ Kf8 21. a3 Na6 22.
Bb5 Nb8 23. g4 Nbd7 24. g5 Ne4 25. Re2 Nxg5 26. Nd4 Nc5 27. Nc6 Nge4 28. Nxd8 Rxd8 29. b4 Rxd6 30. Rxd6 Nxd6 31. bxc5 Nxb5 32. cxb6 Nd6 33. Rd2 Ke7 34. c4 Nb7 35. Kc2 f5 36. Kb3 g5 37.
Ka4 f4 38. Kb5 h5 39. Kc6 g4 40. hxg4 1-0

[Event "*** Titled Tuesday Blitz"]
[Site "Chess.com"]
[Date "2021.04.27"]
[Round "9"]
[White "monalize"]
[Black "Kozok"]
[Result "1-0"]
[WhiteElo "2410"]
[BlackElo "2519"]
[TimeControl "180+1"]
[EndTime "11:42:46 PDT"]
[Termination "monalize won by resignation"]

1. e4 c5 2. Nf3 e6 3. b3 d5 4. exd5 exd5 5. d4 Nc6 6. Bb2 Nf6 7. Be2 cxd4 8. O-O Bd6 9. Nxd4 O-O 10. Nd2 Ne5 11.
N2f3 Nfg4 12. h3 Nxf3+ 13. Nxf3 Nf6 14. Qd4 Bf5 15. Bd3 Be4 16. Ng5 Re8 17. Nxe4 dxe4 18. Bc4 Qc7 19. Qe3 Bf4 20. Qe2 Be5 21. c3 Rad8 22.
Rad1 a6 23. a4 Bf4 24. g3 Be5 25. Qe3 h6 26. Ba3 g5 27. Kg2 Kg7 28. Bc5 Qc6 29. Bb6 Rxd1 30. Rxd1 Bxc3 31. Qxc3 Qxb6 32. Rd7 Rf8 33. Qe5 e3 34. Rd6 Qd8 35. Rxd8 Rxd8 36.
Qxe3 Re8 37. Qd4 1-0

[Event "*** Titled Tuesday Blitz"]
[Site "Chess.com"]
[Date "2021.04.27"]
[Round "9"]
[White "Darius321"]
[Black "gonzaga23"]
[Result "0-1"]
[WhiteElo "2289"]
[BlackElo "2462"]
[TimeControl "180+1"]
[EndTime "11:42:47 PDT"]
[Termination "gonzaga23 won by resignation"]

1. e4 c6 2. d4 d5 3. exd5 cxd5 4. c4 Nf6 5. Nc3 Nc6 6. Bg5 e6 7. Nf3 Be7 8. cxd5 Nxd5 9. Bxe7 Ncxe7 10. Ne5 O-O 11. Bd3 Ng6 12. O-O Qh4 13. Nxd5 exd5 14. Nxg6 hxg6 15. Be2 Bf5 16. Bf3 Be4 17. Re1 Bxf3 18.
Qxf3 Qxd4 19. Rad1 Rae8 20. Rxe8 Rxe8 21. h3 Qxb2 22.
Qxd5 Qb6 23. Rd2 Qc7 24. g3 a5 25. Rb2 Qc1+ 26. Kg2 Qxb2 27. Qd7 Qe5 28. Kh2 Qe7 29. Qb5 Qe5 30. Qxb7 Qe2 31. Qb6 Rc8 32. Kg2 Rc2 33. Qd8+ Kh7 34. Qh4+ Qh5 35. Qf4 Qd5+ 36. Kg1 Rxa2 37.
Qh4+ Kg8 38. Qd8+ Qxd8 0-1

[Event "*** Titled Tuesday Blitz"]
[Site "Chess.com"]
[Date "2021.04.27"]
[Round "9"]
[White "KetiGrant"]
[Black "TomasKapitanchuk"]
[Result "0-1"]
[WhiteElo "2370"]
[BlackElo "2534"]
[TimeControl "180+1"]
[EndTime "11:42:50 PDT"]
[Termination "TomasKapitanchuk won on time"]

1. e4 c5 2. Nf3 e6 3. d4 cxd4 4. Nxd4 Nc6 5. Nc3 Qc7 6. Be3 a6 7. Qd2 Nf6 8. O-O-O Be7 9. f4 b5 10. Bd3 b4 11. Na4 Na5 12. b3 Bb7 13. Nxe6 dxe6 14.
Bb6 Nxb3+ 15. axb3 Qc6 16. Rhe1 O-O 17. Ba5 Rac8 18.
Nb6 Rb8 19. Nc4 Ba8 20. g4 Rfc8 21. g5 Nd7 22. f5 Qb5 23. f6 gxf6 24. gxf6 Bxf6 25.
Rg1+ Kh8 26. Nd6 Qh5 27. Kb1 Rf8 28. Be2 Qxa5 0-1

[Event "*** Titled Tuesday Blitz"]
[Site "Chess.com"]
[Date "2021.04.27"]
[Round "9"]
[White "SergeyShtyka"]
[Black "VladaSviridova"]
[Result "1-0"]
[WhiteElo "2402"]
[BlackElo "2281"]
[TimeControl "180+1"]
[EndTime "11:42:50 PDT"]
[Termination "SergeyShtyka won on time"]

1. e4 e6 2. Nf3 d5 3. e5 c5 4.
b4 cxb4 5. a3 Nc6 6. axb4 Bxb4 7. c3 Be7 8. d4 f6 9. Bd3 fxe5 10. Nxe5 Nf6 11. O-O O-O 12. f4 Bd7 13. Nd2 a6 14. Ndf3 Ne4 15. Qc2 Nxe5 16. Nxe5 Rc8 17. Bxe4 dxe4 18. Bd2 Bb5 19. Rfe1 Qxd4+ 20. Kh1 Qd5 21.
Rad1 Bd3 22. Qa4 Bd6 23. Nd7 Rf7 24. Nb6 Bb5 25. Qa1 Qc6 26. Nxc8 Qxc8 27. Be3 Bc6 28. Qc1 Bd5 29. c4 Bb4 30. cxd5 Qxc1 31. Rxc1 Bxe1 32.
dxe6 Rf8 33. Rxe1 Re8 34. f5 g6 35. g4 b5 36. Ra1 1-0

[Event "*** Titled Tuesday Blitz"]
[Site "Chess.com"]
[Date "2021.04.27"]
[Round "9"]
[White "chessdiamant"]
[Black "Shuvalov"]
[Result "0-1"]
[WhiteElo "2287"]
[BlackElo "2435"]
[TimeControl "180+1"]
[EndTime "11:42:51 PDT"]
[Termination "Shuvalov won by resignation"]

1. e4 e6 2. d4 d5 3. Nd2 c5 4. exd5 exd5 5. Ngf3 Nc6 6. Bd3 c4 7. Be2 Nf6 8. O-O Be7 9. b3 cxb3 10. axb3 O-O 11. Bb2 Bf5 12. c4 Re8 13. Re1 Nb4 14.
Nh4 Bc2 15. Qc1 Ne4 16. Nhf3 Bd3 17. c5 Bf6 18. Ra4 Bxe2 19. Rxe2 Nd3 20. Qc2 Nxb2 21.
Qxb2 Nxc5 22. Rxe8+ Qxe8 23. Qa3 Nxa4 24. bxa4 Rc8 25. g3 Qe2 26. Qb4 b6 27. Qd6 Qe6 28. Qb4 g6 29. Kg2 h5 30. h4 Kg7 31. Qb5 Qc6 32.
Qa6 Rc7 33. a5 b5 34. Qxc6 Rxc6 35. Nb3 Rc4 36. Nc5 Bxd4 37. Nxd4 Rxd4 38. Nd7 b4 39. Nc5 Rc4 40. Nb3 Rc3 41. Nd4 b3 42. Nb5 Rc5 43.
Nxa7 Rxa5 44. Nc6 Rc5 45. Na5 b2 0-1

[Event "*** Titled Tuesday Blitz"]
[Site "Chess.com"]
[Date "2021.04.27"]
[Round "9"]
[White "nocnypako"]
[Black "KyrgyzFighter"]
[Result "0-1"]
[WhiteElo "2542"]
[BlackElo "2461"]
[TimeControl "180+1"]
[EndTime "11:42:54 PDT"]
[Termination "KyrgyzFighter won on time"]

1. d4 f5 2. Nf3 Nf6 3. g3 g6 4.
Bg2 Bg7 5. O-O O-O 6. b3 d5 7. Bb2 Ne4 8. Ne5 c6 9. c4 Be6 10. Nc3 Nd7 11. Nxe4 fxe4 12. f4 exf3 13. Nxf3 dxc4 14.
Ng5 Bg4 15. bxc4 h6 16. Ne4 Qb6 17. Qd2 Rad8 18. e3 Rxf1+ 19. Rxf1 Ne5 20. Qc3 Nd3 21. Ba3 Rxd4 22. c5 Qd8 23. Nf6+ Bxf6 24. Rxf6 exf6 25. exd4 Bf5 26. g4 Nf4 27. Qd2 Nxg2 28. gxf5 Nh4 29. fxg6 Nf3+ 0-1

[Event "*** Titled Tuesday Blitz"]
[Site "Chess.com"]
[Date "2021.04.27"]
[Round "9"]
[White "chessdjw"]
[Black "Susal_De_Silva"]
[Result "0-1"]
[WhiteElo "2728"]
[BlackElo "2643"]
[TimeControl "180+1"]
[EndTime "11:42:56 PDT"]
[Termination "Susal_De_Silva won by resignation"]

1. e4 e5 2. Nf3 Nc6 3. Bc4 Nf6 4. d3 Bc5 5. c3 O-O 6. O-O d5 7. exd5 Nxd5 8. Re1 Bg4 9. h3 Bh5 10. Nbd2 Nb6 11. Bb3 Qxd3 12. Nxe5 Qf5 13. Nef3 Rad8 14. Qe2 h6 15. g4 Bxg4 16. hxg4 Qxg4+ 17. Kh1 Qh3+ 18. Nh2 Rde8 19. Qxe8 Rxe8 20. Rxe8+ Kh7 21. Ne4 Qd7 22. Bc2 f5 23. Nxc5 Qxe8 24. Bxf5+ g6 25. Be4 Nd7 26. Bxc6 Qe1+ 27. Kg2 Nxc5 28. Bd5 Nd3 29. Nf3 Qxf2+ 30. Kh3 Qf1+ 31. Kg3 Nxc1 32. Be4 Ne2+ 33. Kh4 Qxa1 34. Ne5 Qe1+ 0-1

[Event "*** Titled Tuesday Blitz"]
[Site "Chess.com"]
[Date "2021.04.27"]
[Round "9"]
[White "salomez"]
[Black "ChronicUnhappiness"]
[Result "1-0"]
[WhiteElo "2147"]
[BlackElo "2308"]
[TimeControl "180+1"]
[EndTime "11:42:56 PDT"]
[Termination "salomez won on time"]

1. e4 Nf6 2. Nc3 d6 3. d4 g6 4. Bc4 Bg7 5. Qe2 c6 6. e5 dxe5 7. dxe5 Nd5 8. Bd2 O-O 9. O-O-O Be6 10. f4 b5 11. Bb3 a5 12. Nf3 a4 13. Bxd5 Bxd5 14.
Nxd5 Qxd5 15. Kb1 c5 16. f5 Nc6 17. Bh6 Nd4 18. Nxd4 cxd4 19. Bxg7 Kxg7 20. c3 gxf5 21.
Rxd4 Qe6 22. g4 fxg4 23. Rxg4+ Kh8 24. Rh4 Qg6+ 25. Ka1 Rg8 26. a3 Rad8 27. Qxb5 Rd2 28. Rb4 Qg2 29. Qf1 Qxf1+ 30. Rxf1 Rxh2 31. Rxa4 1-0

[Event "*** Titled Tuesday Blitz"]
[Site "Chess.com"]
[Date "2021.04.27"]
[Round "9"]
[White "guillembaches"]
[Black "Kostukov_Alex"]
[Result "1-0"]
[WhiteElo "2509"]
[BlackElo "2316"]
[TimeControl "180+1"]
[EndTime "11:42:58 PDT"]
[Termination "guillembaches won on time"]

1. e4 c5 2. Nf3 g6 3. d4 cxd4 4. Qxd4 Nf6 5. c4 Nc6 6. Qe3 Bg7 7. Be2 O-O 8. h3 d6 9. O-O a5 10. Nc3 a4 11. Rb1 Nd7 12. Rd1 a3 13. b3 Nb4 14.
Bd2 Nc5 15. Be1 Nc2 16. Qd2 Nxe1 17. Rxe1 Bxc3 18. Qxc3 Nxe4 19. Qe3 Nf6 20. Rbd1 Kg7 21. Nd4 h6 22. Bf3 Qa5 23. Nb5 Be6 24. Nd4 Bd7 25.
Re2 Rfe8 26. h4 Rab8 27. h5 Nxh5 28. Bxh5 Qxh5 29. Qc3 e5 30. Nf3 Re6 31. Red2 Bc6 32. Nh2 Rd8 33. Nf1 Qg4 34. Ne3 Qg5 35. c5 d5 36. Nxd5 1-0

[Event "*** Titled Tuesday Blitz"]
[Site "Chess.com"]
[Date "2021.04.27"]
[Round "9"]
[White "Iball95"]
[Black "A-Fier"]
[Result "1-0"]
[WhiteElo "2648"]
[BlackElo "2818"]
[TimeControl "180+1"]
[EndTime "11:42:59 PDT"]
[Termination "Iball95 won by resignation"]

1. e4 c5 2. Nf3 g6 3. d4 cxd4 4.
Qxd4 Nf6 5. Nc3 Nc6 6. Qa4 d6 7. e5 dxe5 8. Nxe5 Bg7 9. Nxc6 bxc6 10. Qxc6+ Bd7 11. Qf3 O-O 12. Bd3 Ng4 13. O-O Ne5 14. Qg3 Nxd3 15. Qxd3 Bf5 16. Qe2 Qc7 17. Re1 e5 18.
Be3 Rab8 19. Nd5 Qd6 20. c4 Rfe8 21. Rad1 Qc6 22. b4 a6 23. a3 Be6 24. Bc5 Qa4 25.
Nc7 Qxa3 26. Nxe8 Rxe8 27. h3 h5 28. Ra1 Qb3 29. Rec1 Bh6 30. Be3 Bxe3 31. Qxe3 Qxb4 32. Qxe5 Rc8 33. c5 a5 34. c6 a4 35. c7 a3 36. Rd1 Qb6 37. Rac1 a2 38. Qf6 Kh7 39. Rd8 a1=Q 40. Rxa1 Kh6 41. Rc1 Qb2 42. Qxb2 1-0

[Event "*** Titled Tuesday Blitz"]
[Site "Chess.com"]
[Date "2021.04.27"]
[Round "9"]
[White "Grineva_Marianna"]
[Black "kidagent"]
[Result "1-0"]
[WhiteElo "2251"]
[BlackElo "2332"]
[TimeControl "180+1"]
[EndTime "11:42:59 PDT"]
[Termination "Grineva_Marianna won by resignation"]

1. e4 c5 2. Nf3 d6 3. d4 cxd4 4. Nxd4 Nf6 5. Nc3 a6 6. f3 e5 7. Nb3 Be6 8. Be3 Be7 9. Qd2 O-O 10. O-O-O b5 11. g4 Nbd7 12. g5 Nh5 13. h4 Ng3 14.
Rg1 Nxf1 15. Rgxf1 Nb6 16. Na5 Nc4 17. Nxc4 Bxc4 18.
Rg1 Rc8 19. Kb1 Qa5 20. a3 b4 21. Nd5 Bxd5 22. exd5 Rb8 23. h5 f5 24. g6 hxg6 25.
hxg6 Rf6 26. Qh2 Bd8 27. Qh7+ Kf8 28. Qh8+ Ke7 29. Qxg7+ Ke8 30. Rh1 Rf8 31. Rh7 Qb5 32.
Rh8 Be7 33. Rxf8+ Bxf8 34. Qf7+ Kd8 35. Qxf8+ Kc7 36. Qe7+ Kc8 37. Rh1 1-0

[Event "*** Titled Tuesday Blitz"]
[Site "Chess.com"]
[Date "2021.04.27"]
[Round "9"]
[White "grandcoach"]
[Black "Vladyslav_Puchka"]
[Result "1-0"]
[WhiteElo "2241"]
[BlackElo "2110"]
[TimeControl "180+1"]
[EndTime "11:42:59 PDT"]
[Termination "grandcoach won by resignation"]

1. e4 d5 2. exd5 Qxd5 3. Nc3 Qd8 4. d4 Nf6 5. Bc4 a6 6. Nge2 e6 7. O-O b5 8. Bd3 Bb7 9. a4 b4 10. Nb1 c5 11. Nd2 cxd4 12. Nb3 Nc6 13. Nexd4 Nxd4 14. Nxd4 Qd5 15. Nf3 Bc5 16. Qe2 O-O 17. Bf4 Qh5 18.
a5 Rfd8 19. Rfe1 Ng4 20. Be4 Bxe4 21. Qxe4 Bxf2+ 22. Kh1 Bxe1 23. Rxe1 Nf6 24. Qxb4 Qb5 25. Qa3 Nd5 26. Be5 Qb4 27. Qa1 Rdc8 28. c3 Qb5 29. Nd4 Qd3 30. Qc1 Ra7 31. Rf1 Rb7 32. Rf3 f6 33. Rxd3 fxe5 34. Nxe6 1-0

[Event "*** Titled Tuesday Blitz"]
[Site "Chess.com"]
[Date "2021.04.27"]
[Round "9"]
[White "Novoselski"]
[Black "827883"]
[Result "1-0"]
[WhiteElo "2397"]
[BlackElo "2273"]
[TimeControl "180+1"]
[EndTime "11:43:01 PDT"]
[Termination "Novoselski won by checkmate"]

1. e4 e5 2. Nf3 Nc6 3. Nc3 Nf6 4. d4 exd4 5. Nd5 Bc5 6. Bg5 Be7 7. Bxf6 Bxf6 8.
Bd3 d6 9. O-O O-O 10. h3 h6 11.
Bb5 a6 12. Bxc6 bxc6 13. Nxf6+ Qxf6 14. Qxd4 Qxd4 15. Nxd4 c5 16. Ne2 Rb8 17. b3 c4 18.
Nc3 a5 19. f3 Ba6 20. Rfd1 f5 21. exf5 Rxf5 22. Rd5 Rxd5 23. Nxd5 c5 24. Re1 cxb3 25. axb3 c4 26. Nc7 Bb5 27. Ra1 cxb3 28. cxb3 Bc6 29. Rxa5 Rxb3 30. Ra6 Rc3 31. Ra7 Bd7 32. Nd5 Rc1+ 33.
Kh2 Be6 34. Ne7+ Kh7 35. f4 Rc5 36. g4 Bc4 37. Nf5 Bd3 38. Nxg7 Rc2+ 39. Kg3 Kg6 40. Ne6 Bc4 41. Nd4 Rd2 42. Nf5 h5 43. Rd7 d5 44.
Rd6+ Kh7 45. g5 Rd3+ 46. Kh4 Rf3 47. g6+ Kg8 48. Rd8# 1-0

[Event "*** Titled Tuesday Blitz"]
[Site "Chess.com"]
[Date "2021.04.27"]
[Round "9"]
[White "Marty435"]
[Black "Sjakkerntobi"]
[Result "1-0"]
[WhiteElo "2613"]
[BlackElo "2405"]
[TimeControl "180+1"]
[EndTime "11:43:02 PDT"]
[Termination "Marty435 won on time"]

1. e4 e6 2. d4 d5 3. Nc3 Bb4 4. e5 Ne7 5. a3 Bxc3+ 6. bxc3 c5 7. Qg4 cxd4 8. Qxg7 Rg8 9. Qxh7 Qc7 10. Qd3 Nbc6 11. cxd4 Nf5 12. Nf3 Rg4 13. c3 b6 14.
Qd1 Re4+ 15. Kd2 Na5 16. Bd3 Nc4+ 17. Kc2 Bd7 18. Kb1 Qc6 19. Ka2 Rg4 20. g3 Rc8 21. Ng5 Nh6 22. Nxf7 Kxf7 23. Bxh6 Qb5 24. Rb1 Qa5 25.
Bxc4 Rxc4 26. Qf3+ 1-0

[Event "*** Titled Tuesday Blitz"]
[Site "Chess.com"]
[Date "2021.04.27"]
[Round "9"]
[White "NoGalloNoParty"]
[Black "LenkaPtacnikova"]
[Result "1/2-1/2"]
[WhiteElo "2350"]
[BlackElo "2205"]
[TimeControl "180+1"]
[EndTime "11:43:03 PDT"]
[Termination "Game drawn - insufficient material"]

1. d4 Nf6 2. c4 e6 3. g3 d5 4. Bg2 c5 5. cxd5 Nxd5 6. Nf3 Nc6 7.
O-O Be7 8. Nc3 cxd4 9. Nxd5 Qxd5 10. Nxd4 Qc5 11. Nxc6 bxc6 12. Be3 Qb5 13. Rc1 Bd7 14.
Bd4 e5 15. a4 Qa5 16. Bc3 Bb4 17. Bxb4 Qxb4 18. Qd3 Rd8 19. Qe3 O-O 20. b3 f6 21.
Rc4 Qb6 22. Qxb6 axb6 23. Bxc6 Be6 24. Rb4 Rd6 25. Bf3 Rc8 26. Kg2 Rc3 27. Rb1 Kf7 28. Rb5 Ke7 29. a5 bxa5 30. Rxa5 Rxb3 31. Ra7+ Rd7 32.
Rxd7+ Kxd7 33. Rxb3 Bxb3 34. Be4 h6 35. h4 Kd6 36.
Kf3 Be6 37. Ke3 Kc5 38. f4 exf4+ 39. Kxf4 Kd4 40. Bf5 Bc4 41. e4 Bd3 42. Bg6 Bc2 43.
g4 Bd3 44. g5 hxg5+ 45. hxg5 Bc2 46. Bf5 fxg5+ 47. Kxg5 Bxe4 48. Bxe4 Kxe4 49. Kg6 Kf4 50. Kxg7 1/2-1/2

[Event "*** Titled Tuesday Blitz"]
[Site "Chess.com"]
[Date "2021.04.27"]
[Round "9"]
[White "DanielTitichoca"]
[Black "VladimirBugayev"]
[Result "0-1"]
[WhiteElo "2359"]
[BlackElo "2266"]
[TimeControl "180+1"]
[EndTime "11:43:05 PDT"]
[Termination "VladimirBugayev won by resignation"]

1. e4 c6 2. Nc3 d5 3. Nf3 dxe4 4. Nxe4 Nf6 5. Qe2 Nxe4 6. Qxe4 Qa5 7. Bc4 Bf5 8. Qf4 e6 9. O-O Nd7 10. Nd4 Bg6 11. Re1 e5 12. Nf5 O-O-O 13. Qf3 e4 14. Qb3 Qxf5 15. d4 Nb6 16. Bf1 Bd6 17. a4 Nd5 18. a5 e3 19. Bxe3 Qxc2 20. Qxc2 Bxc2 21.
a6 Rhe8 22. axb7+ Kxb7 23. Ba6+ Kb6 24. Bd2 Rxe1+ 25. Bxe1 Bb4 26. Bc4 a5 27. Bxb4 Nxb4 28. Bxf7 Rxd4 29. g3 Rd1+ 30. Kg2 0-1

[Event "*** Titled Tuesday Blitz"]
[Site "Chess.com"]
[Date "2021.04.27"]
[Round "9"]
[White "gmpeter008"]
[Black "AryanTari"]
[Result "0-1"]
[WhiteElo "2476"]
[BlackElo "2875"]
[TimeControl "180+1"]
[EndTime "11:43:07 PDT"]
[Termination "AryanTari won by resignation"]

1. d4 Nf6 2. Bf4 d5 3. e3 Bg4 4. f3 Bd7 5. c4 e6 6. Nc3 c5 7. cxd5 exd5 8. Bd3 Nc6 9. Nge2 Be7 10.
O-O O-O 11. a3 a6 12. Bg3 Rc8 13. Rc1 b5 14. dxc5 Bxc5 15. Bf2 Qb6 16. Nd4 Ne5 17. Bb1 Ng6 18. Nce2 Rfe8 19. Qd2 b4 20. axb4 Bxb4 21. Qd1 a5 22. Rxc8 Rxc8 23. Nf4 Nxf4 24.
exf4 Bc5 25. Qd2 Rb8 26. b3 Qb4 27. Qd3 Bxd4 28. Bxd4 Bb5 29. Qe3 Bxf1 30. Kxf1 Re8 31. Qc1 Qxd4 32. Bf5 h6 0-1